 Dungeon Crawl Stone Soup version 0.18-a0-1171-ga8e22e7 (webtiles) character file.

613 M4edhros the Sneak (level 7, -13/43 HPs)
             Began as an Octopode Artificer on Jan 26, 2016.
             Shot with an arrow by a centaur (14 damage)
             ... on level 6 of the Dungeon.
             The game lasted 00:04:38 (3584 turns).

M4edhros the Sneak (Octopode Artificer)             Turns: 3584, Time: 00:04:39

Health: -13/43     AC:  1    Str: 10    XL:     7   Next: 44%
Magic:  10/10      EV: 14    Int: 17    God:
Gold:   213        SH:  0    Dex: 12    Spells: 0 memorised, 6 levels left

rFire  . . .     SeeInvis .     m - +0 dagger (speed)
rCold  . . .     Gourm    .     (no shield)
rNeg   . . .     Faith    .     (helmet restricted)
rPois  .         Spirit   .     (no amulet)
rElec  .         Dismiss  .     (no ring)
rCorr  .         Reflect  .     (no ring)
SustAt .         Harm     .     (no ring)
MR     .....                    (no ring)
Stlth  +++++.....               (no ring)
                                (no ring)
                                (no ring)
                                (no ring)

@: marked, not resistant to hostile enchantments, quite stealthy
A: almost no armour, amphibious, 8 rings, constrict 8, camouflage 1, gelatinous
body 1
a: no special abilities


You were on level 6 of the Dungeon.
You were very hungry.

You visited 1 branch of the dungeon, and saw 6 of its levels.

You collected 213 gold pieces.

Inventory:

Hand Weapons
 a - a +0 short sword
 m - a +0 dagger of speed (weapon)
 q - a +0 arbalest
Missiles
 h - 101 stones (quivered)
 r - 9 bolts of flame
 s - 34 bolts
 t - 2 bolts of penetration
 u - 10 poisoned bolts
 v - 17 sling bullets
Wands
 b - a wand of flame (7/48)
 c - a wand of enslavement (13/24)
 d - a wand of random effects (14/48)
Scrolls
 e - 4 scrolls of identify {unknown}
 k - 2 scrolls of immolation {unknown}
 l - a scroll of noise {unknown}
 n - 2 scrolls of teleportation {unknown}
 w - 4 scrolls of remove curse {unknown}
Potions
 g - a potion of cure mutation {unknown}
 o - 2 potions of ambrosia {unknown}
 x - a potion of agility {unknown}
 z - a potion of haste {unknown}
 A - a potion of flight {unknown}
Books
 y - a book of Envenomations

   Spells                             Type                      Level
   a - Spider Form                    Transmutation/Poison         3
   b - Olgreb's Toxic Radiance        Poison                       4
   c - Alistair's Intoxication        Transmutation/Poison         5
   d - Poisonous Cloud                Conjuration/Poison/Air       6
Comestibles
 f - 3 bread rations
 j - a meat ration
 p - 4 fruits
 B - a slice of pizza


   Skills:
 - Level 1.0 Fighting
 - Level 1.0 Short Blades
 * Level 5.2 Dodging
 * Level 7.2 Stealth
 + Level 5.0 Evocations


You had 6 spell levels left.
You didn't know any spells.

Dungeon Overview and Level Annotations

Branches:
Dungeon (6/15)
 Temple: D:4-7

Altars:
Pakellas
Vehumet


Innate Abilities, Weirdness & Mutations

You cannot wear most types of armour.
You are amphibious.
You can wear up to eight rings at the same time.
You can use your tentacles to constrict eight enemies at once.
Your skin changes colour to match your surroundings (Stealth).
Your rubbery body absorbs attacks (AC +1).


Message History

An adder skeleton comes into view.
A centaur comes into view.
The centaur wields a shortbow.
The centaur shoots an arrow.
The arrow hits you!
* * * LOW HITPOINT WARNING * * *
You see here an arrow.
An adder comes into view.
The centaur shoots an arrow.
The arrow hits you.
* * * LOW HITPOINT WARNING * * *
You see here an arrow.
Drink which item? (? for menu, Esc to quit)
Okay, then.
Evoke which item? (* to show all) (? for menu, Esc to quit)
Zapping:
c - a wand of enslavement (14/24)
Press: ? - help, Shift-Dir - straight line, f - centaur
Aim: a centaur, wielding a shortbow (chance to defeat MR: 56%)
The centaur resists with significant effort.
This wand has 13 charges left.
The centaur shoots an arrow.
The arrow hits you.
* * * LOW HITPOINT WARNING * * *
The centaur shoots an arrow.
The arrow hits you!
You die...

.......##.....#.##..........
######....###...#####.......
###...###...########...
###..####.......# ##.
#.........#####..## .
#..........#####..#
#..................
####....(....Z.....$..
#.......@........[....
#.................####
#..............%......
#.......[.....#.......
####..........c.......
##......S.#........
##...............>.
#..................
#.......Y.......


You could see a centaur, an adder and an adder skeleton.

Vanquished Creatures
  An ice beast (D:6)
  2 giant frogs
  A scorpion (D:6)
  A wasp zombie (D:5)
  A giant frog zombie (D:5)
  2 hounds
  An orc wizard (D:4)
  3 worker ants
  An iguana (D:4)
  A worker ant zombie (D:5)
  3 adders (D:4)
  A shadow imp (D:5)
  An ooze (D:4)
  An adder skeleton (D:4)
  2 worms
  3 giant geckos
  3 orcs
  8 bats
  4 giant cockroaches
  A goblin (D:1)
  3 hobgoblins (D:1)
  A giant gecko zombie (D:6)
  3 giant newts
  2 kobolds
  A rat (D:3)
51 creatures vanquished.

Vanquished Creatures (collateral kills)
  An orc (D:4)
1 creature vanquished.

Grand Total: 52 creatures vanquished

Notes
Turn   | Place    | Note
--------------------------------------------------------------
     0 | D:1      | M4edhros the Octopode Artificer began the quest for the Orb.
     0 | D:1      | Reached XP level 1. HP: 13/13 MP: 3/3
   437 | D:1      | Reached XP level 2. HP: 12/18 MP: 4/4
  1594 | D:3      | Reached XP level 3. HP: 8/23 MP: 5/5
  1874 | D:3      | Reached XP level 4. HP: 9/28 MP: 6/6
  2135 | D:3      | Found a radiant altar of Vehumet.
  2320 | D:4      | Reached skill level 4 in Stealth
  2323 | D:4      | Reached XP level 5. HP: 22/33 MP: 6/8
  2684 | D:4      | Reached skill level 5 in Stealth
  2696 | D:4      | Reached XP level 6. HP: 14/38 MP: 9/9
  2984 | D:4      | Found an oddly glowing altar of Pakellas.
  3026 | D:5      | Entered Level 5 of the Dungeon
  3035 | D:5      | Reached skill level 6 in Stealth
  3304 | D:6      | Noticed an ice beast
  3338 | D:5      | Reached XP level 7. HP: 18/43 MP: 10/10
  3560 | D:6      | Reached skill level 5 in Dodging
  3578 | D:6      | Reached skill level 7 in Stealth
  3578 | D:6      | Reached skill level 5 in Evocations
  3584 | D:6      | HP: 1/43 [centaur/arrow (3)]
  3584 | D:6      | Shot with an arrow by a centaur

Vault maps used:
D:1:      lightli_arrival_quake
D:3:      marbit_many_paths, fiery_altar_vehumet, guppyfry_early_lair_pool
D:4:      grunt_pakellas_salt, first_bread
D:5:      zin_scriptorium, lemuel_crystal_altar, serial_undead, serial_undead_a,
          serial_undead_b, serial_undead_b, serial_undead_b,
          minmay_item_behind_shaft, minmay_bad_closet
D:6:      lemuel_zombie_altar_kikubaaqudgha, yredelemnul_altar_generic,
          gammafunk_temple_overflow_pools

Action                   |  1- 3 |  4- 6 |  7- 9 || total
-------------------------+-------+-------+-------++-------
Melee: Short sword       |    14 |       |       ||    14
       Dagger            |    30 |   110 |     3 ||   143
Evoke: Wand              |       |     3 |     8 ||    11
  Use: Potion            |     1 |     1 |       ||     2
       Scroll            |       |     1 |       ||     1
 Stab: Sleeping          |     6 |     9 |     1 ||    16
  Eat: Chunk             |     1 |     1 |       ||     2
       Meat ration       |       |     1 |       ||     1
